 Dungeon Crawl Stone Soup version 0.20.0-7-g3b7b877 (webtiles) character file.

716 Jannitor the Vexing (level 7, 0/35 (37) HPs)
             Began as a Deep Elf Arcane Marksman on May 29, 2017.
             Killed by nerve-wracking pain
             ... invoked by Menkaure
              (8 damage)
             ... on level 4 of the Dungeon.
             The game lasted 00:16:37 (5326 turns).

Jannitor the Vexing (Deep Elf Arcane Marksman)      Turns: 5326, Time: 00:16:38

HP:   0/35 (37)     AC:  2    Str:  7    XL:     7   Next: 41%
MP:   13/13         EV: 21    Int: 20    God:
Gold: 270           SH:  0    Dex: 20    Spells: 6/12 levels left

rFire    . . .     SeeInvis .   b - +2 whip (venom)
rCold    . . .     Gourm    .   (no shield)
rNeg     . . .     Faith    .   e - +0 robe
rPois    .         Spirit   .   (no helmet)
rElec    .         Reflect  .   (no cloak)
rCorr    .         Harm     .   (no gloves)
MR       .....                  (no boots)
Stlth    +++.......             (no amulet)
Regen    0.0/turn               (no ring)
MPRegen  0.2/turn               (no ring)

@: agile, non-regenerating, badly diseased
A: no striking features
a: no special abilities


You were on level 4 of the Dungeon.
You were very hungry.

You visited 1 branch of the dungeon, and saw 5 of its levels.
You also visited: Sewer.

You collected 270 gold pieces.

Inventory:

Hand Weapons
 a - a +0 shortbow
 b - a +2 whip of venom (weapon)
 g - a +0 short sword
Missiles
 d - 27 arrows
Armour
 e - a +0 robe (worn)
 q - the +0 leather armour "Iziutonu" {+Inv rPois rC- Int+4}
   (You found it on level 4 of the Dungeon)

   It affects your intelligence (+4).
   It makes you vulnerable to cold.
   It protects you from poison.
   It lets you turn invisible.
Scrolls
 l - a scroll of random uselessness {unknown}
 m - 2 scrolls of remove curse
Potions
 n - a potion of brilliance
 p - a potion of magic
Books
 c - a book of Debilitation

   Spells                             Type                      Level
   a - Corona                         Hexes                        1
   b - Slow                           Hexes                        2
   c - Inner Flame                    Hexes/Fire                   3
   d - Portal Projectile              Hexes/Translocation          3
   e - Cause Fear                     Hexes                        4
   f - Leda's Liquefaction            Hexes/Earth                  4
Comestibles
 f - 4 bread rations
 i - 2 royal jellies
 j - 4 fruits


   Skills:
 - Level 0.7 Fighting
 + Level 3.7 Short Blades
 + Level 4.9 Bows
 + Level 5.5 Dodging
 + Level 3.1 Spellcasting
 - Level 6.1 Hexes


You had 6 spell levels left.
You knew the following spells:

 Your Spells              Type           Power        Failure   Level  Hunger
a - Corona                Hex            ####...      1%          1    None
b - Slow                  Hex            ####....     1%          2    ##.....
c - Inner Flame           Hex/Fire       ###.....     12%         3    ###....


Dungeon Overview and Level Annotations

Branches:
Dungeon (5/15)             Temple (0/1) D:4

Altars:
Sif Muna

Annotations:
D:3 exclusion: door
D:4 Menkaure
D:5 Hanibal's ghost, novice MiFi


Message History

The necrophage is almost destroyed.
Menkaure is no longer moving quickly.
The necrophage misses you. The necrophage completely misses you.
You hit the necrophage.
The necrophage is almost destroyed.
Menkaure gestures wildly while chanting.
Menkaure seems to speed up.
The necrophage barely misses you.
You closely miss the necrophage.
The necrophage is almost destroyed.
You are feeling very hungry.
The necrophage closely misses you.
You hit the necrophage.
The necrophage is almost destroyed.
The necrophage misses you.
You hit the necrophage.
You destroy the necrophage!
Your Spellcasting skill increases to level 3!
Menkaure points at you and mumbles some strange words.
Pain shoots through your body!
You die...

##..### ##.#
##........#.# ###..##
#.# ##.....###.# ##..##
##.# #..#### #.#
##..###..# #### ####.##
###....## ###.....#
##..## ####.......#
##..## ####...#.......
##..######.†..#........#
###..#@.M>###.........#
##...#####......)...#
#.### ##.........# ##.#
#.........# #..#
##........# #.##
##......## ####### ##.#
#..>...# ......### #.##
##....## ........# ##.##
#### ##..##


You could see Menkaure.

Vanquished Creatures
  Sigmund (D:4)
  A necrophage (D:4)
  A bullfrog (Sewer)
  2 scorpions (D:4)
  A howler monkey (D:4)
  An orc priest (D:4)
  An orc wizard (D:4)
  An iguana (D:4)
  2 worker ants (D:4)
  5 adders
  An ooze (D:2)
  2 worms
  A dart slug (D:2)
  4 leopard geckos
  5 orcs (D:3)
  5 giant cockroaches (Sewer)
  6 goblins
  7 hobgoblins
  3 jackals (D:1)
  A quokka (D:2)
  6 ball pythons
  9 bats
  9 frilled lizards
  A jackal skeleton (D:4)
  2 kobolds (D:2)
  6 rats
84 creatures vanquished.

Notes
Turn   | Place    | Note
-------+----------+-------------------------------------------
     0 | D:1      | Jannitor the Deep Elf Arcane Marksman began the quest for the Orb.
     0 | D:1      | Reached XP level 1. HP: 11/11 MP: 5/5
   276 | D:1      | Reached XP level 2. HP: 16/16 MP: 6/6
   760 | D:2      | Learned a level 2 spell: Slow
   819 | D:2      | Reached skill level 1 in Short Blades
   819 | D:2      | Reached XP level 3. HP: 13/20 MP: 7/7
  1752 | D:3      | Found a deep blue altar of Sif Muna.
  2098 | D:3      | Reached XP level 4. HP: 20/24 MP: 2/8
  2612 | D:4      | Noticed Sigmund
  2617 | D:4      | Found a staircase to the Ecumenical Temple.
  2749 | D:4      | Reached skill level 5 in Hexes
  2749 | D:4      | Reached XP level 5. HP: 5/28 MP: 6/9
  2861 | D:4      | Learned a level 3 spell: Inner Flame
  2961 | D:4      | Found a glowing drain.
  3012 | Sewer    | Entered a sewer
  3986 | D:4      | Reached XP level 6. HP: 33/33 MP: 7/10
  4373 | D:4      | Noticed a two-headed ogre
  4375 | D:4      | Got a pitted leather armour
  4416 | D:3      | Identified the +0 leather armour "Iziutonu" {+Inv rPois rC- Int+4} (You found it on level 4 of the Dungeon)
  4458 | D:4      | Reached skill level 6 in Hexes
  4774 | D:5      | Entered Level 5 of the Dungeon
  4777 | D:5      | Noticed Hanibal's ghost (novice MiFi)
  4794 | D:4      | Reached skill level 5 in Dodging
  5015 | D:5      | Noticed Menkaure
  5234 | D:4      | Killed Sigmund
  5234 | D:4      | Reached XP level 7. HP: 37/37 MP: 8/13
  5326 | D:4      | Killed from afar by Menkaure

Skill      XL: |  1  2  3  4  5  6  7 |
---------------+----------------------+-----
Short Blades   | 1 2 3 |  3.7
Bows           | 3 4 |  4.9
Dodging        | 3 4 5 |  5.5
Hexes          | 5 6 |  6.1
Spellcasting   | 2 3 |  3.1
Fighting       | |  0.7

Action                   |  1- 3 |  4- 6 |  7- 9 || total
-------------------------+-------+-------+-------++-------
Melee: Short sword       |    19 |       |       ||    19
       Whip              |       |   122 |    21 ||   143
 Fire: Shortbow          |   119 |    44 |       ||   163
 Cast: Corona            |     5 |     2 |       ||     7
       Slow              |     8 |    25 |     1 ||    34
  Use: Potion            |     2 |     5 |     2 ||     9
       Scroll            |       |     6 |       ||     6
 Stab: Sleeping          |       |     1 |       ||     1
  Eat: Chunk             |     3 |     8 |       ||    11
       Bread ration      |       |     1 |       ||     1
Armor: Robe              |     7 |    19 |       ||    26
Dodge: Dodged            |    38 |    67 |    23 ||   128
